Map: Romanticide LE

Players

A.I. 1 (Very Easy) - Winner!

  • Race: Terran Terran
  • Spawn Location: 11:00

EvilNeuro

  • Race: Protoss Protoss
  • League: Grandmaster
  • Spawn Location: 5:00

VOD

Have the link to the VOD?

Description

Time

  • Played on: March 8, 2021, 11:54 a.m.
  • Length: 3:20
Show
View Real Time Build Order
Export as new Build Order

A.I. 1 (Very Easy) Terran - Winner!

Build Orders: Reaper Expand 

Get SALT Encoding   

  6  0:00  SCV  
  13  0:13  SCV  
  14  0:18  Supply Depot  
  14  0:41  Barracks  
  14  1:03  Command Center  
  14  1:28  Marine  
  14  1:29  Supply Depot  
  14  1:30  Orbital Command  
  15  1:37  Refinery  
  15  1:48  Refinery  
  15  1:56  SCV  
  16  2:08  SCV  
  17  2:16  Reaper  
  17  2:20  SCV  
  17  2:22  SCV  
  20  2:32  SCV  
  20  2:36  SCV  
  22  2:44  SCV  
  22  2:47  Refinery  
  22  2:50  SCV  
  24  2:57  SCV, Marine  
  26  3:05  SCV  
  28  3:13  Factory  
Show
View Real Time Build Order
Export as new Build Order

EvilNeuro Protoss 

Build Orders: 1 Gate Expand 

Get SALT Encoding   

  6  0:00  Probe  
  13  0:12  Probe  
  14  0:16  Pylon  
  14  0:24  Probe  
  15  0:34  Gateway  
  15  0:36  Probe  
  16  0:48  Probe  
  17  1:01  Probe  
  18  1:10  Nexus  
  18  1:15  Assimilator  
  18  1:24  Cybernetics Core  
  18  1:27  Probe  
  19  1:33  Pylon  
  19  1:40  Probe  
  20  1:51  Gateway  
  20  1:52  Probe, Warp Gate (Chrono Boost)  
  21  2:03  Adept (Chrono Boost)  
  21  2:04  Probe  
  24  2:16  Probe  
  24  2:18  Gateway  
  24  2:22  Probe  
  26  2:26  Adept  
  28  2:30  Probe  
  28  2:34  Probe  
  30  2:38  Adept  
  30  2:42  Probe  
  33  2:46  Probe  
  34  2:54  Probe  
  34  2:55  Pylon  
  35  2:59  Probe  
  35  3:04  Assimilator  
  36  3:06  Probe  
  36  3:10  Assimilator  
  38  3:18  Adept x3  
Tags
 
Add a new tag
Caveats
  • Supply blocks, unpowered buildings, or Contaminate may cause inaccurate times.
  • Supply counts are checked every 10 seconds.